 Dungeon Crawl Stone Soup version 0.26.1-11-gd32895ea62 (webtiles) character file.

Game seed: 15993902533596697011

64 Jerry the Ruffian (level 3, -3/36 HPs)
             Began as a Troll Monk on June 9, 2021.
             Slain by Crazy Yiuf
             ... wielding a +4 quarterstaff of chaos
              (9 damage)
             ... on level 2 of the Dungeon.
             The game lasted 00:01:56 (1553 turns).

Jerry the Ruffian (Troll Monk)                      Turns: 1553, Time: 00:01:56

Health: -3/36      AC:  6    Str: 19    XL:     3   Next: 91%
Magic:  0/2        EV: 11    Int:  7    God:
Gold:   105        SH:  0    Dex: 12    Spells: 2/2 levels left

rFire    . . .     SeeInvis .     - Unarmed
rCold    . . .     Faith    .   (no shield)
rNeg     . . .     Spirit   .   a - +0 robe
rPois    .         Reflect  .   (helmet restricted)
rElec    .         Harm     .   (no cloak)
rCorr    .         Rampage  .   (gloves unavailable)
Will     .....                  (boots unavailable)
Stlth    ++........             (no amulet)
HPRegen  0.52/turn              (no ring)
MPRegen  0.08/turn              (no ring)

@: no status effects
A: large, unfitting armour, claws 3, regeneration 1, shaggy fur 1, tough skin 3
a: no special abilities


You were on level 2 of the Dungeon.
You visited 1 branch of the dungeon, and saw 2 of its levels.

You collected 105 gold pieces.

Inventory:

Armour
 a - a +0 robe (worn)
Jewellery
 i - an uncursed amulet of magic regeneration {unknown}
Scrolls
 d - a scroll of remove curse {unknown}
 e - 2 scrolls of amnesia {unknown}
 g - a scroll of identify {unknown}
 h - a scroll of enchant weapon {unknown}
 k - a scroll of magic mapping {unknown}
 m - a scroll of teleportation {unknown}
Potions
 b - 2 potions of flight {unknown}
 c - a potion of berserk rage {unknown}
 f - 4 potions of curing {unknown}
 j - a potion of attraction {unknown}
 l - 2 potions of heal wounds {unknown}
 n - a potion of haste {unknown}


   Skills:
 + Level 2.8 Fighting
 + Level 2.9 Dodging
 + Level 1.4 Stealth
 * Level 3.7 Unarmed Combat


You had 2 spell levels left.
You didn't know any spells.
Your spell library was empty.

Dungeon Overview and Level Annotations

Branches:
Dungeon (2/15)

Altars:

Annotations:
D:2 Crazy Yiuf


Innate Abilities, Weirdness & Mutations

You are too large for most types of armour.
You have claws for hands.
Your natural rate of healing is unusually fast.
You are covered in fur. (AC +1)
You have extremely tough skin. (AC +3)


Message History

Crazy Yiuf screams, "Tonal hand sanguine!"
Crazy Yiuf hits you with a +4 quarterstaff of chaos!
Crazy Yiuf burns you.
You scratch Crazy Yiuf but do no damage.
Crazy Yiuf is heavily wounded.
Crazy Yiuf laughs, "Citrus arga rumpyflump!"
Crazy Yiuf hits you with a +4 quarterstaff of chaos!
Crazy Yiuf burns you.
* * * LOW HITPOINT WARNING * * *
You scratch Crazy Yiuf but do no damage.
Crazy Yiuf is heavily wounded.
You claw Crazy Yiuf!
Crazy Yiuf is almost dead.
Crazy Yiuf hits you with a +4 quarterstaff of chaos.
* * * LOW HITPOINT WARNING * * *
You feel your power leaking away.
You completely miss Crazy Yiuf.
Crazy Yiuf is almost dead.
Crazy Yiuf hits you with a +4 quarterstaff of chaos!
You die...

..# ..# ..# ..# '##
.### ###♣♣♣♣♣ ...#
##.#.)♣)♣♣♣ ### ...#
##.....)♣))♣#)))#
#..###......♣♣♣♣@g)).#
#..##....#.♣♣ ♣♣#)))#
#.......##♣♣ ###
...#....# ####....#
........###########
###.#.....)....##.#
..#.#..........##.####
#.#....##............#


You could see Crazy Yiuf.

Vanquished Creatures
  An adder (D:2)
  An ooze (D:1)
  3 dart slugs (D:2)
  3 leopard geckos
  2 giant cockroaches (D:1)
  5 hobgoblins (D:1)
  3 jackals (D:1)
  7 bats
  5 frilled lizards
  2 goblins (D:1)
  3 kobolds (D:1)
  7 rats
42 creatures vanquished.

Notes
Turn   | Place    | Note
-------+----------+-------------------------------------------
     0 | D:1      | Jerry the Troll Monk began the quest for the Orb.
     0 | D:1      | Reached XP level 1. HP: 22/22 MP: 0/0
   139 | D:1      | Reached XP level 2. HP: 26/29 MP: 1/1
   365 | D:1      | Reached XP level 3. HP: 36/36 MP: 2/2
  1315 | D:2      | Found a runed translucent door.
  1316 | D:2      | Noticed Crazy Yiuf
  1553 | D:2      | Slain by Crazy Yiuf

Illustrated notes

Levels and vault maps discovered:
D:1:      dpeg_arrival_three_same_balls, layout_basic, minmay_pentomino_q4
D:2:      layout_basic, uniq_crazy_yiuf_cottage

Action                   || total
-------------------------++-------
Melee: Unarmed           ||   111
       Punch             ||     1
 Stab: Sleeping          ||     3
Armor: Robe              ||    65
Dodge: Dodged            ||    66
